CAL (WIN)
RANCHO CUCAMONGA QUAKES @ VISALIA RAWHIDE
12/01/2049
 
TOP OF THE 1ST
Rancho Cucamonga Quakes batting - Pitching for Visalia Rawhide : RHP Joe Mulholland
Pitching: RHP Joe Mulholland
Batting: SHB Javy Franco 0-0: Ball
1-0: Ball
2-0: Ball
3-0: Base on Balls
Batting: LHB Nate Kee 0-0: Called Strike
0-1: Ball
1-1: Swinging Strike
1-2: Strikes out looking
Batting: RHB David Watkins 0-0: Ball
Javy Franco is caught stealing 2nd base 2-4
1-0: Foul Ball, location: 3F
1-1: Ball
2-1: Foul Ball, location: 3SF
2-2: Foul Ball, location: 2F
2-2: Foul Ball, location: 25F
2-2: Ball
3-2: Base on Balls
Batting: RHB Jonathan Sotelo 0-0: Ball
1-0: Swinging Strike
1-1: Swinging Strike
1-2: Strikes out looking
Top of the 1st over - 0 runs, 0 hits, 0 errors, 1 left on base; Rancho Cucamonga 0 - Visalia 0
BOTTOM OF THE 1ST
Visalia Rawhide batting - Pitching for Rancho Cucamonga Quakes : LHP Cao-Ky Trieu
Pitching: LHP Cao-Ky Trieu
Batting: LHB Dana McDonald 0-0: Called Strike
0-1: Ball
1-1: Ball
2-1: Foul Ball, location: 9LSF
2-2: SINGLE (Groundball, 34D, EV 106.3 MPH)
Batting: RHB Dale Young 0-0: Called Strike
Dana McDonald is caught stealing 2nd base 2-4
0-1: Foul Ball, location: 2F
0-2: Ball
1-2: Fly out, F7 (Flyball, 78M, EV 74.4 MPH)
Batting: RHB Dustin Clark 0-0: Ball
1-0: Called Strike
1-1: Ground out 4-3 (Groundball, 4M, EV 97.5 MPH)
Bottom of the 1st over - 0 runs, 1 hit, 0 errors, 0 left on base; Rancho Cucamonga 0 - Visalia 0
TOP OF THE 2ND
Rancho Cucamonga Quakes batting - Pitching for Visalia Rawhide : RHP Joe Mulholland
Batting: LHB Cory Bowler 0-0: Called Strike
0-1: Ball
1-1: Ball
2-1: Foul Ball, location: 9LMF
2-2: Ground out 5-3 (Groundball, 56S, EV 82.5 MPH)
Batting: RHB Brad Brady 0-0: Ball
1-0: Ball
2-0: Called Strike
2-1: Ground out 5-3 (Groundball, 25, EV 80.6 MPH)
Batting: LHB Conor Bailey 0-0: Swinging Strike
0-1: Fly out, F9 (Flyball, 9D, EV 90.6 MPH)
Top of the 2nd over - 0 runs, 0 hits, 0 errors, 0 left on base; Rancho Cucamonga 0 - Visalia 0
BOTTOM OF THE 2ND
Visalia Rawhide batting - Pitching for Rancho Cucamonga Quakes : LHP Cao-Ky Trieu
Batting: LHB Ron Mills 0-0: Swinging Strike
0-1: Foul Ball, location: 3F
0-2: Ball
1-2: Ball
2-2: Ground out 6-3 (Groundball, 4M, EV 85.0 MPH)
Batting: RHB Cesar Rendon 0-0: Foul Ball, location: 2F
0-1: Ball
1-1: Fly out, F7 (Flyball, 78M, EV 90.0 MPH)
Batting: RHB Israel Gaona 0-0: Called Strike
0-1: Ball
1-1: Fly out, F7 (Flyball, 7, EV 93.8 MPH)
Bottom of the 2nd over - 0 runs, 0 hits, 0 errors, 0 left on base; Rancho Cucamonga 0 - Visalia 0
TOP OF THE 3RD
Rancho Cucamonga Quakes batting - Pitching for Visalia Rawhide : RHP Joe Mulholland
Batting: RHB Perry Dominey 0-0: Ball
1-0: Hit by Pitch
Batting: RHB Geoff Musico 0-0: Ball
1-0: Ball
2-0: Sac Bunt to 15S - play at first, batter OUT! 1-3
Perry Dominey to second
Batting: SHB Javy Franco 0-0: Swinging Strike
0-1: Foul Ball, location: 23F
0-2: Ball
1-2: Strikes out swinging
Batting: LHB Nate Kee 0-0: Ball
1-0: Ball
2-0: Called Strike
2-1: Ground out 4-3 (Groundball, 4, EV 86.9 MPH)
Top of the 3rd over - 0 runs, 0 hits, 0 errors, 1 left on base; Rancho Cucamonga 0 - Visalia 0
BOTTOM OF THE 3RD
Visalia Rawhide batting - Pitching for Rancho Cucamonga Quakes : LHP Cao-Ky Trieu
Batting: RHB Yutaka Oki 0-0: SINGLE (Groundball, 34D, EV 101.3 MPH)
Batting: RHB Paul Schreiber 0-0: Ball
1-0: Ball
2-0: Ball
3-0: Swinging Strike
3-1: Sac Bunt to 23 - play at first, batter OUT! 3-4
Yutaka Oki to second
Batting: RHB Franklin Villanueva 0-0: Ball
1-0: Ball
2-0: Ground out U3 (Groundball, 34S, EV 78.8 MPH)
Yutaka Oki to third
Batting: LHB Dana McDonald 0-0: Called Strike
0-1: Ball
1-1: Ball
2-1: Foul Ball, location: 7LMF
2-2: Foul Ball, location: 9LMF
2-2: Ground out 4-3 (Groundball, 4, EV 95.6 MPH)
Bottom of the 3rd over - 0 runs, 1 hit, 0 errors, 1 left on base; Rancho Cucamonga 0 - Visalia 0
TOP OF THE 4TH
Rancho Cucamonga Quakes batting - Pitching for Visalia Rawhide : RHP Joe Mulholland
Batting: RHB David Watkins 0-0: Called Strike
0-1: DOUBLE (Line Drive, 7LS, EV 106.9 MPH)
Batting: RHB Jonathan Sotelo 0-0: Ball
1-0: Foul Ball, location: 2F
1-1: Called Strike
1-2: Ball
2-2: Strikes out swinging
Batting: LHB Cory Bowler 0-0: Called Strike
0-1: Ball
1-1: Swinging Strike
1-2: Strikes out looking
Batting: RHB Brad Brady 0-0: Fly out, F8 (Flyball, 8LD, EV 95.0 MPH)
Top of the 4th over - 0 runs, 1 hit, 0 errors, 1 left on base; Rancho Cucamonga 0 - Visalia 0
BOTTOM OF THE 4TH
Visalia Rawhide batting - Pitching for Rancho Cucamonga Quakes : LHP Cao-Ky Trieu
Batting: RHB Dale Young 0-0: Ball
1-0: Ball
2-0: Ball
3-0: Base on Balls
Batting: RHB Dustin Clark 0-0: Called Strike
Dale Young is caught stealing 2nd base 2-4
0-1: Ball
1-1: Ball
2-1: Foul Ball, location: 2F
2-2: Foul Ball, location: 7LSFF
2-2: Ball
3-2: Foul Ball, location: 7LSF
3-2: Ground out 6-3 (Groundball, 6, EV 91.9 MPH)
Batting: LHB Ron Mills 0-0: Called Strike
0-1: Ground out 6-3 (Groundball, 4M, EV 86.3 MPH)
Bottom of the 4th over - 0 runs, 0 hits, 0 errors, 0 left on base; Rancho Cucamonga 0 - Visalia 0
TOP OF THE 5TH
Rancho Cucamonga Quakes batting - Pitching for Visalia Rawhide : RHP Joe Mulholland
Batting: LHB Conor Bailey 0-0: Ball
1-0: DOUBLE (Line Drive, 89D, EV 100.6 MPH)
Batting: RHB Perry Dominey 0-0: Ball
1-0: Sac Bunt to 15 - play at first, batter OUT! 1-4
Conor Bailey to third
Batting: RHB Geoff Musico 0-0: Foul Ball, location: 2F
0-1: Ball
1-1: Foul Ball, location: 2F
1-2: Foul Ball, location: 7LMF
1-2: Foul Ball, location: 25F
1-2: Strikes out looking
Batting: SHB Javy Franco 0-0: Ball
1-0: Called Strike
1-1: Ball
2-1: Foul Ball, location: 5F
2-2: Foul Ball, location: 23FF
2-2: Ball
3-2: Foul Ball, location: 2F
3-2: Strikes out swinging
Top of the 5th over - 0 runs, 1 hit, 0 errors, 1 left on base; Rancho Cucamonga 0 - Visalia 0
BOTTOM OF THE 5TH
Visalia Rawhide batting - Pitching for Rancho Cucamonga Quakes : LHP Cao-Ky Trieu
Batting: RHB Cesar Rendon 0-0: Ball
1-0: Ball
2-0: SINGLE (Line Drive, 34D, EV 97.5 MPH)
Batting: RHB Israel Gaona 0-0: Ball
1-0: Sac Bunt to 23 - play at first, batter OUT! 3-4
Cesar Rendon to second
Batting: RHB Yutaka Oki 0-0: Ball
1-0: Foul Ball, location: 2F
1-1: Ball
2-1: Ball
3-1: Foul Ball, location: 7LMF
3-2: Base on Balls
Batting: RHB Paul Schreiber 0-0: Fly out, F3 (Line Drive, 34, EV 73.1 MPH)
Lined into DP, U3 (Line Drive, 34, EV 73.1 MPH)
Bottom of the 5th over - 0 runs, 1 hit, 0 errors, 1 left on base; Rancho Cucamonga 0 - Visalia 0
TOP OF THE 6TH
Rancho Cucamonga Quakes batting - Pitching for Visalia Rawhide : RHP Joe Mulholland
Batting: LHB Nate Kee 0-0: Foul Ball, location: 23F
0-1: Called Strike
0-2: DOUBLE (Groundball, 3L, EV 100.6 MPH)
Batting: RHB David Watkins 0-0: Called Strike
0-1: Ball
1-1: Swinging Strike
1-2: Ball
2-2: Strikes out swinging
Batting: RHB Jonathan Sotelo 0-0: Foul Ball, location: 9LSF
0-1: DOUBLE (Line Drive, 78M, EV 93.8 MPH)
Nate Kee scores
Batting: LHB Cory Bowler 0-0: Foul Ball, location: 3DF
0-1: Ball
1-1: Ball
2-1: Fly out, F7 (Flyball, 7, EV 91.3 MPH)
Pitching: LHP Matt Bagnall
Batting: RHB Brad Brady 0-0: Ball
1-0: SINGLE (Groundball, 5D, EV 98.8 MPH)
Jonathan Sotelo to third
Runner from 3rd tries for Home, SAFE, throw by LF to home
Batting: LHB Conor Bailey 0-0: Ball
1-0: Foul Ball, location: 5F
1-1: Ball
2-1: Foul Ball, location: 2F
2-2: Ball
3-2: Fly out, F7 (Flyball, 7, EV 84.4 MPH)
Top of the 6th over - 2 runs, 3 hits, 0 errors, 1 left on base; Rancho Cucamonga 2 - Visalia 0
BOTTOM OF THE 6TH
Visalia Rawhide batting - Pitching for Rancho Cucamonga Quakes : LHP Cao-Ky Trieu
Batting: RHB Franklin Villanueva 0-0: Ball
1-0: Called Strike
1-1: Foul Ball, location: 2F
1-2: Ball
2-2: Foul Ball, location: 9LSF
2-2: Ground out 6-3 (Groundball, 6M, EV 88.1 MPH)
Batting: LHB Dana McDonald 0-0: Foul Ball, location: 25FF
0-1: Called Strike
0-2: Ball
1-2: Ground out 6-3 (Groundball, 6, EV 104.4 MPH)
Batting: RHB Dale Young 0-0: Called Strike
0-1: Ball
1-1: Swinging Strike
1-2: Strikes out looking
Bottom of the 6th over - 0 runs, 0 hits, 0 errors, 0 left on base; Rancho Cucamonga 2 - Visalia 0
TOP OF THE 7TH
Rancho Cucamonga Quakes batting - Pitching for Visalia Rawhide : LHP Matt Bagnall
Batting: RHB Perry Dominey 0-0: Ball
1-0: Ball
2-0: Ball
3-0: Called Strike
3-1: Fly out, F9 (Flyball, 9, EV 81.3 MPH)
Batting: RHB Geoff Musico 0-0: Called Strike
0-1: Ball
1-1: Ball
2-1: Fly out, F9 (Flyball, 89M, EV 97.5 MPH)
Batting: SHB Javy Franco 0-0: Called Strike
0-1: Swinging Strike
0-2: Ball
1-2: Foul Ball, location: 9LMF
1-2: Strikes out looking
Top of the 7th over - 0 runs, 0 hits, 0 errors, 0 left on base; Rancho Cucamonga 2 - Visalia 0
BOTTOM OF THE 7TH
Visalia Rawhide batting - Pitching for Rancho Cucamonga Quakes : LHP Cao-Ky Trieu
Batting: RHB Dustin Clark 0-0: Called Strike
0-1: SINGLE (Line Drive, 7LM, EV 104.4 MPH)
Pinch Hitting: RHB Daniel Rivera 0-0: Fly out, F8 (Flyball, 78M, EV 95.0 MPH)
Batting: RHB Cesar Rendon 0-0: Foul Ball, location: 9LSF
0-1: Ball
1-1: Called Strike
1-2: Ball
Dustin Clark is caught stealing 2nd base 2-4
2-2: Ground out 4-3 (Groundball, 4, EV 103.8 MPH)
Bottom of the 7th over - 0 runs, 1 hit, 0 errors, 0 left on base; Rancho Cucamonga 2 - Visalia 0
TOP OF THE 8TH
Rancho Cucamonga Quakes batting - Pitching for Visalia Rawhide : LHP Matt Bagnall
Now at 2B: Daniel Rivera
Now in RF: Dale Young
Batting: LHB Nate Kee 0-0: Swinging Strike
0-1: Swinging Strike
0-2: Ball
1-2: Strikes out looking and he ARGUES THE CALL AND IS TOSSED!
Batting: RHB David Watkins 0-0: Called Strike
0-1: Ball
1-1: Swinging Strike
1-2: Strikes out swinging
Batting: RHB Jonathan Sotelo 0-0: Called Strike
0-1: Ball
1-1: Ball
2-1: Foul Ball, location: 3F
2-2: Ground out 6-3 (Groundball, 6, EV 85.6 MPH)
Top of the 8th over - 0 runs, 0 hits, 0 errors, 0 left on base; Rancho Cucamonga 2 - Visalia 0
BOTTOM OF THE 8TH
Visalia Rawhide batting - Pitching for Rancho Cucamonga Quakes : LHP Cao-Ky Trieu
Now in RF: Bobby Gonzalez
Batting: RHB Israel Gaona 0-0: Ball
1-0: SINGLE (Line Drive, 9S, EV 91.9 MPH)
Pitching: RHP Edwin Vega
Batting: RHB Yutaka Oki 0-0: Ball
1-0: Ball
2-0: Foul Ball, location: 5F
2-1: Ball
3-1: SINGLE (Line Drive, 9S, EV 111.3 MPH)
Israel Gaona to second
Batting: LHB Brad Ritter 0-0: Ball
1-0: Ground out 4-3 (Groundball, 3D, EV 95.6 MPH)
Israel Gaona to third
Yutaka Oki to second
Pinch Hitting: LHB Tomohiro Yokoyama 0-0: Ball
1-0: Fielders Choice attempt at home, Runner SAFE. 3-2 (Groundball, 34, EV 76.9 MPH)
Yutaka Oki to third
Batting: LHB Dana McDonald 0-0: Called Strike
0-1: Ball
1-1: Ball
2-1: Foul Ball, location: 2F
2-2: Ball
3-2: Strikes out looking
Batting: RHB Dale Young 0-0: Ball
1-0: Fly out, F9 (Flyball, 9D, EV 81.9 MPH)
Bottom of the 8th over - 1 run, 2 hits, 0 errors, 2 left on base; Rancho Cucamonga 2 - Visalia 1
TOP OF THE 9TH
Rancho Cucamonga Quakes batting - Pitching for Visalia Rawhide : LHP Matt Bagnall
Pitching: LHP Sam Davis
Now at 2B: Dale Young
Now at 3B: Daniel Rivera
Now in RF: Tomohiro Yokoyama
Batting: LHB Cory Bowler 0-0: Called Strike
0-1: Swinging Strike
0-2: Foul Ball, location: 7LSF
0-2: Foul Ball, location: 2F
0-2: Ball
1-2: Foul Ball, location: 25F
1-2: Foul Ball, location: 9LDF
1-2: Ground out 5-3 (Groundball, 5, EV 109.4 MPH)
Batting: RHB Brad Brady 0-0: Ball
1-0: Called Strike
1-1: Foul Ball, location: 5FF
1-2: Foul Ball, location: 23F
1-2: Ball
2-2: Ball
3-2: Strikes out looking
Batting: LHB Conor Bailey 0-0: Foul Ball, location: 2F
0-1: Ball
1-1: Swinging Strike
1-2: Strikes out looking
Top of the 9th over - 0 runs, 0 hits, 0 errors, 0 left on base; Rancho Cucamonga 2 - Visalia 1
BOTTOM OF THE 9TH
Visalia Rawhide batting - Pitching for Rancho Cucamonga Quakes : RHP Edwin Vega
Pitching: RHP Mike Barnhill
Now at 2B: Cory Bowler
Now at SS: Randy Boone
Batting: RHB Dustin Clark 0-0: Foul Ball, location: 5FF
0-1: Ball
1-1: Ground out 5-3 (Groundball, 5L, EV 101.3 MPH)
Batting: RHB Daniel Rivera 0-0: Ball
1-0: Ball
2-0: Ball
3-0: Base on Balls
Batting: RHB Cesar Rendon 0-0: Foul Ball, location: 2F
0-1: Ball
1-1: Ball
2-1: Swinging Strike
2-2: Ball
3-2: Strikes out swinging
Batting: RHB Israel Gaona 0-0: Called Strike
0-1: Ball
1-1: Foul Ball, location: 23F
1-2: Fly out, F9 (Line Drive, 9D, EV 90.6 MPH)
Bottom of the 9th over - 0 runs, 0 hits, 0 errors, 1 left on base; Rancho Cucamonga 2 - Visalia 1
Sunday, July 16th , 2023 - OOTP Baseball 24.6 Build 69